 Dungeon Crawl Stone Soup version 0.14-a0-2124-ga163777 (webtiles) character file.

697 Egon the Skirmisher (level 7, 55/62 HPs)
             Began as a Yellow Draconian Berserker on Jan 27, 2014.
             Was a High Priest of Trog.
             Quit the game on Level 5 of the Dungeon.
             The game lasted 00:08:26 (3332 turns).

Egon the Skirmisher (Yellow Draconian Berserker)    Turns: 3332, Time: 00:08:26

HP  55/62        AC  8     Str 20      XL: 7   Next:  2%
MP   7/7         EV 14     Int  7      God: Trog [*****.]
Gold 172         SH  0     Dex 12      Spells:  0 memorised,  6 levels left

rFire  . . .     SeeInvis .     a - +0 hand axe
rCold  . . .     Clarity  .     (armour unavailable)
rNeg   . . .     Conserve .     (no shield)
rPois  .         rCorr    +     (helmet restricted)
rElec  .         rRot     .     v - +0 cloak
SustAb . .       Spirit   .     (no gloves)
rMut   .         Warding  .     u - +0 pair of boots
Saprov . . .     Stasis   .     m - amulet of faith
MR     .....                    (no ring)
                                (no ring)

@: not resistant to hostile enchantments, unstealthy
A: spit acid, acid resistance, unfitting armour, AC +6
a: Spit Acid, Burn Spellbooks, Berserk, Trog's Hand, Brothers in Arms, Renounce
Religion


You were on level 5 of the Dungeon.
You worshipped Trog.
Trog was extremely pleased with you.
You were not hungry.

You visited 1 branch of the dungeon, and saw 5 of its levels.

You collected 172 gold pieces.

Inventory:

Hand weapons
 a - a +0,+0 hand axe (weapon)
Armour
 u - a +0 pair of boots (worn)
 v - a +0 cloak (worn)
Magical devices
 o - a wand of random effects (9)
 y - a wand of fire (2)
 E - a wand of disintegration (20) {unknown}
Comestibles
 c - 5 bread rations
 f - 5 meat rations
 A - 3 grapes
Scrolls
 d - 3 scrolls of identify
 g - a scroll of noise {unknown}
 h - 2 scrolls of remove curse
 i - 2 scrolls of fear {unknown}
 j - a scroll of curse armour {unknown}
 k - 2 scrolls of amnesia {unknown}
 n - a scroll of enchant weapon I {unknown}
 p - 2 scrolls of random uselessness {unknown}
 r - 2 scrolls of magic mapping {unknown}
 s - 5 scrolls of curse weapon {unknown}
 w - a scroll of recharging {unknown}
 x - 2 scrolls of teleportation {unknown}
 D - a scroll of immolation {unknown}
 H - a scroll of blinking {unknown}
 J - a scroll of enchant armour {unknown}
Jewellery
 m - an amulet of faith (around neck)
 t - an uncursed amulet of inaccuracy {unknown}
Potions
 b - 3 potions of heal wounds
 e - a potion of restore abilities {unknown}
 l - a potion of cure mutation {unknown}
 q - a potion of curing {unknown}
 z - 2 potions of brilliance {unknown}
 B - a potion of might
 C - a potion of blood
 G - a potion of resistance
 I - a potion of lignification {unknown}
 K - a potion of magic {unknown}


   Skills:
 + Level 5.9 Fighting
 + Level 5.1 Axes
 + Level 4.6 Dodging


You had 6 spell levels left.
You didn't know any spells.

Dungeon Overview and Level Annotations

Branches:
Dungeon (5/16)             Temple (0/1) D:4

Altars:
Dithmengos

Annotations:
D:5 Ijyb


Message History

Ijyb screams, "I dance on your bones!" The hound barely misses you.
You hit the hound.
The hound is lightly wounded.
The hound closely misses you.
You closely miss the hound.
Your tail-slap misses the hound.
The hound is lightly wounded.
The hound bites you but does no damage. The hound bites you.
You hit the hound.
The hound is moderately wounded.
The hound bites you.
You slash the hound!
Your tail-slap misses the hound.
The hound is severely wounded.
The hound bites you. The hound bites you but does no damage.
You hit the hound. You tail-slap the hound.
You kill the hound!
Trog accepts your kill.
You have reached level 7!
Your scales start taking on a golden yellow colour.
Are you sure you want to abandon this character and quit the game? (Confirm with "yes".)

####.>...##.# #.#
.........##.# #.#
####.....##.# #.#
#....###.# #.# #.####
#.# #<# #.# #.# #.#
#(# #.# #g# #.# #.#
#.# ####.# ####.# #@#
..##># #....####.###
#.##.# #.#####.....#
#.##.###.......###.#
#..............# ...
####...........###.#.#
#####..####.....#...
## #..# ###.[.....
.#######..# ######


You could see Ijyb.

Vanquished Creatures
  A centaur (D:3)
  Sigmund (D:5)
  A hound (D:5)
  Crazy Yiuf (D:2)
  A scorpion (D:5)
  3 worker ants
  5 adders
  7 gnolls
  A worm (D:5)
  3 giant geckos
  2 oozes
  3 orcs
  11 bats
  4 goblins
  13 hobgoblins
  7 jackals
  9 kobolds
  3 quokkas
  3 ball pythons
  3 giant cockroaches
  12 giant newts
  10 rats
  A fungus (D:2)
105 creatures vanquished.

Vanquished Creatures (others)
  An orc (D:4)
1 creature vanquished.

Grand Total: 106 creatures vanquished

Notes
Turn   | Place    | Note
--------------------------------------------------------------
     0 | D:1      | Egon, the Draconian Berserker, began the quest for the Orb.
     0 | D:1      | Reached XP level 1. HP: 19/19 MP: 1/1
    89 | D:1      | Reached XP level 2. HP: 20/26 MP: 2/2
   294 | D:1      | Acquired Trog's second power
   593 | D:2      | Reached XP level 3. HP: 33/33 MP: 3/3
  1065 | D:2      | Noticed Crazy Yiuf
  1070 | D:2      | Killed Crazy Yiuf
  1070 | D:2      | Reached skill level 4 in Fighting
  1070 | D:2      | Reached XP level 4. HP: 40/40 MP: 0/4
  1789 | D:3      | Found a shadowy altar of Dithmengos.
  1886 | D:3      | Reached XP level 5. HP: 37/47 MP: 5/5
  1964 | D:3      | Noticed a centaur
  1974 | D:3      | Killed a centaur
  2214 | D:4      | Acquired Trog's third power
  2264 | D:4      | Found a staircase to the Ecumenical Temple.
  2343 | D:4      | Reached skill level 5 in Fighting
  2425 | D:4      | Reached XP level 6. HP: 38/56 MP: 6/6
  2729 | D:5      | Entered Level 5 of the Dungeon
  2810 | D:5      | Noticed Sigmund
  2822 | D:5      | Killed Sigmund
  2912 | D:5      | Reached skill level 5 in Axes
  3326 | D:5      | Noticed Ijyb
  3331 | D:5      | Your scales start taking on a golden yellow colour.
  3331 | D:5      | Reached XP level 7. HP: 55/62 MP: 7/7
  3332 | D:5      | Quit the game

Action                   |  1- 3 |  4- 6 |  7- 9 || total
-------------------------+-------+-------+-------++-------
Melee: Hand axe          |   120 |   257 |       ||   377
Invok: Berserk           |     1 |     5 |       ||     6
       Burn Spellbooks   |       |     1 |       ||     1
Evoke: Wand              |       |     2 |       ||     2
  Use: Scroll            |     2 |       |       ||     2
       Potion            |       |     3 |       ||     3
 Stab: Paralysed         |       |     1 |       ||     1
